Mustangs vs Little Stars
(R1)
Created - 25 avril 2016 at 19:03
Goals
|
| Mustangs |
0 |
1 |
3 |
0 |
0 |
4 |
| Little Stars |
2 |
1 |
1 |
0 |
1 |
5 |
|
Shots
|
| Mustangs |
15 |
8 |
12 |
1 |
3 |
36 |
| Little Stars |
10 |
15 |
9 |
0 |
2 |
34 |
|
1st period
1. Little Stars , Alex Chiasson 28 (Marcus Johansson, Sean Avery) at 3:30
2. Little Stars , Cody Bass 28 (Marcus Johansson, Alex Chiasson) at 19:33
Penalties :
Cameron Gaunce (Ham) for Hooking (Minor) at 9:19, Cody Bass (Tex) for Tripping (Minor) at 13:23, Marcus Johansson (Tex) for High sticking (Minor) at 19:56
2nd period
3. Mustangs , Denis Shvidki 33 (Derek Joslin, Brayden Schenn) at 6:51
4. Little Stars , Marcus Johansson 28 (Raphael Diaz) at 17:41
Penalties :
Justin Faulk (Tex) for Roughing (Minor) at 4:48, Conor Allen (Tex) for Boarding (Minor) at 14:32
3rd period
5. Mustangs , Eric Godard 25 (Daniel Winnik, Brayden Schenn) at 6:19
6. Mustangs , Riley Armstrong 27 (Cameron Gaunce, Ben Eager) at 11:12 (PP)
7. Little Stars , Alex Chiasson 29 (Marcus Johansson, Raphael Diaz) at 14:15
8. Mustangs , Daniel Winnik 18 (Derek Joslin, Denis Shvidki) at 19:33
Penalties :
Tom Kuhnhackl (Tex) for Roughing (Minor) at 9:13, Marcus Kruger (Tex) for High sticking (Minor) at 14:38
Overtime #1
No Goal
Penalties :
No Penalty
Shootout
Penalty Shot by Brayden Schenn for Mustangs - Stopped by Erik Ersberg
Penalty Shot by Sean Avery for Little Stars - Goal!
Penalty Shot by Denis Shvidki for Mustangs - Stopped by Erik Ersberg
Penalty Shot by Marcus Kruger for Little Stars - Stopped by Maxime Ouellet
Penalty Shot by Reilly Smith for Mustangs - Stopped by Erik Ersberg
Penalties :
No Penalty
Goalie Stats
Maxime Ouellet (Ham), 30 saves from 34 shots - (0,882), OTL, 23-17-7, 64:30 minutes
Erik Ersberg (Tex), 32 saves from 36 shots - (0,889), W, 7-5-1, 65:00 minutes
Players Stats for Mustangs
Player Name G A P +/- PIM S H SB GA TA FO MP PP MP PK MP
------------------------------------------------------------------------------------
Ben Eager 0 1 1 0 0 5 1 0 0 0 0/1 18:47 5:17 0:18
Brayden Schenn 0 2 2 2 0 2 3 1 0 0 9/30 24:45 6:34 1:05
Cameron Gaunce 0 1 1 1 2 1 2 1 0 1 0/0 22:29 5:35 0:00
Daniel Winnik 1 1 2 -1 0 2 1 0 2 0 0/0 12:17 0:07 0:18
Denis Bodrov 0 0 0 0 0 1 0 1 1 0 0/0 21:10 5:35 0:53
Denis Shvidki 1 1 2 2 0 7 1 0 0 0 6/8 22:58 6:30 0:36
Derek Joslin 0 2 2 1 0 6 1 4 2 0 0/0 30:59 6:19 1:06
Eric Godard 1 0 1 -2 0 1 0 1 1 0 0/0 11:17 0:07 0:00
Eric Gryba 0 0 0 0 0 1 2 2 0 1 0/0 28:52 6:19 1:06
Evander Kane 0 0 0 1 0 3 1 0 1 0 1/1 24:18 6:30 1:05
Jerome Samson 0 0 0 -1 0 1 0 0 0 0 0/0 7:56 0:00 0:00
Jim O'Brien 0 0 0 -1 0 0 1 0 0 0 2/2 8:40 0:03 0:00
Joe Finley 0 0 0 -2 0 0 1 0 0 0 0/0 12:45 0:00 0:00
Marcus Foligno 0 0 0 -1 0 1 3 0 1 0 0/0 7:56 0:00 0:00
Mark Pysyk 0 0 0 -2 0 1 0 0 0 1 0/0 13:44 0:00 0:53
Reilly Smith 0 0 0 0 0 1 1 0 0 0 2/3 19:24 5:17 0:00
Rick Schofield 0 0 0 -2 0 0 1 0 0 1 2/4 10:15 0:00 0:00
Riley Armstrong 1 0 1 0 0 3 3 0 0 0 5/11 19:28 5:17 0:36
Players Stats for Little Stars
Player Name G A P +/- PIM S H SB GA TA FO MP PP MP PK MP
------------------------------------------------------------------------------------
Alex Chiasson 2 1 3 3 0 4 4 2 2 1 0/0 20:15 0:54 3:40
Alexander Guptill 0 0 0 0 0 0 0 0 0 0 0/0 0:28 0:00 0:28
Alexander Vasyunov 0 0 0 0 0 0 0 0 0 0 0/0 3:52 0:00 0:00
Andrej Nestrasil 0 0 0 0 0 0 0 0 0 0 0/0 0:00 0:00 0:00
Cody Bass 1 0 1 3 2 2 1 0 0 0 5/10 15:05 0:54 0:00
Connor Brickley 0 0 0 0 0 0 0 0 0 0 0/0 0:00 0:00 0:00
Conor Allen 0 0 0 2 2 0 1 0 0 1 0/0 14:45 0:00 0:51
Dana Tyrell 0 0 0 0 0 0 1 0 0 0 1/3 5:15 0:00 0:00
Erik Haula 0 0 0 0 0 1 2 1 0 0 2/5 13:58 0:00 0:51
Hugh Jessiman 0 0 0 -1 0 0 3 2 0 1 2/3 19:39 1:05 3:40
Jamie McGinn 0 0 0 0 0 0 0 0 0 0 0/0 1:41 0:00 0:00
Jared Spurgeon 0 0 0 0 0 1 3 1 0 0 0/0 29:34 1:19 7:02
Jesse Joensuu 0 0 0 0 0 1 1 0 0 0 0/1 12:23 0:00 0:00
Justin Faulk 0 0 0 -1 2 5 1 1 0 0 0/0 25:21 0:40 4:01
Landon Ferraro 0 0 0 0 0 0 1 0 0 1 0/1 5:35 0:00 2:12
Marcus Johansson 1 3 4 3 2 4 4 1 0 0 0/0 15:55 0:54 1:02
Marcus Kruger 0 0 0 -2 2 2 2 0 0 0 15/23 22:09 1:05 5:30
Oscar Lindberg 0 0 0 0 0 0 0 0 0 0 0/0 0:00 0:00 0:00
Petter Granberg 0 0 0 -1 0 2 3 2 0 1 0/0 25:57 0:40 4:52
Raphael Diaz 0 2 2 1 0 4 4 1 0 3 0/0 31:52 1:19 7:02
Robert Klinkhammer 0 0 0 0 0 3 0 0 0 0 0/1 5:15 0:00 0:00
Sean Avery 0 1 1 -2 0 4 3 0 2 0 8/13 26:39 1:05 6:25
Tom Kuhnhackl 0 0 0 0 2 1 0 0 0 0 0/0 12:22 0:00 0:00
3 Stars
1 - Alex Chiasson (Tex)
2 - Marcus Johansson (Tex)
3 - Denis Shvidki (Ham)
Power Play
Mustangs - 1 on 6 Attempt(s) - 16,67%
Little Stars - 0 on 1 Attempt(s) - 0,00%
Penalty Kill
Mustangs - 1 on 1 Attempt(s) - 100,00%
- Score 0 goal in Penalty Kill
Little Stars - 5 on 6 Attempt(s) - 83,33%
- Score 0 goal in Penalty Kill
Team Stat
Mustangs - Hits : 22 - Faceoff Wins : 27 - Blocked Shots : 10 - Penalty Minutes : 2
Little Stars - Hits : 34 - Faceoff Wins : 33 - Blocked Shots : 11 - Penalty Minutes : 12
Official
Referees : Devorski Paul and O'Rourke Dan
Linesman : Thor Nelson and Brad Lazarowich
Game Notes
No Game Note
Finance
Level 1 -- Attendance: 1594 (79,70%) -- Ticket Income 55 790 $
Level 2 -- Attendance: 683 (68,30%) -- Ticket Income 10 245 $
Total Attendance: 2277 (75,90%)
Total Ticket Income: 66 035 $
Other Income: 3 302 $
Total Income: 69 337 $
Mustangs
5 vs 5 Forward
Center Left Wing Right Wing Time % Phy DF OF
1 Brayden Schenn Evander Kane Denis Shvidki 40 0 2 3
2 Riley Armstrong Ben Eager Reilly Smith 30 0 2 3
3 Rick Schofield Daniel Winnik Eric Godard 20 0 2 3
4 Jim O'Brien Marcus Foligno Jerome Samson 10 0 2 3
5 vs 5 Defense
Defense Defense Time % Phy DF OF
1 Derek Joslin Eric Gryba 40 1 2 2
2 Denis Bodrov Cameron Gaunce 30 1 2 2
3 Mark Pysyk Joe Finley 20 1 2 2
4 Cameron Gaunce Derek Joslin 10 1 2 2
PowerPlay Forward
Center Left Wing Right Wing Time % Phy DF OF
1 Brayden Schenn Evander Kane Denis Shvidki 60 0 0 5
2 Riley Armstrong Ben Eager Reilly Smith 40 0 0 5
PowerPlay Defense
Defense Defense Time % Phy DF OF
1 Derek Joslin Eric Gryba 60 0 1 4
2 Denis Bodrov Cameron Gaunce 40 0 1 4
Penalty Kill 4 Players Forward
Center Wing Time % Phy DF OF
1 Brayden Schenn Evander Kane 60 0 5 0
2 Riley Armstrong Denis Shvidki 40 0 5 0
Penalty Kill 4 Players Defense
Defense Defense Time % Phy DF OF
1 Derek Joslin Eric Gryba 60 1 4 0
2 Denis Bodrov Cameron Gaunce 40 1 4 0
Penalty Kill - 3 Players Forward
Forward Time % Phy DF OF
1 Brayden Schenn 60 0 5 0
2 Denis Shvidki 40 0 5 0
Penalty Kill - 3 Players Defense
Defense Defense Time % Phy DF OF
1 Derek Joslin Eric Gryba 60 1 4 0
2 Denis Bodrov Cameron Gaunce 40 1 4 0
4 vs 4 Forward
Center Wing Time % Phy DF OF
1 Brayden Schenn Evander Kane 60 0 1 4
2 Riley Armstrong Denis Shvidki 40 0 1 4
4 vs 4 Defense
Defense Defense Time % Phy DF OF
1 Derek Joslin Eric Gryba 60 0 2 3
2 Denis Bodrov Cameron Gaunce 40 0 2 3
Last Minutes Offensive
Center Left Wing Right Wing Defense Defense
Brayden Schenn Evander Kane Denis Shvidki Derek Joslin Cameron Gaunce
Last Minutes Defensive
Center Left Wing Right Wing Defense Defense
Brayden Schenn Ben Eager Eric Godard Denis Bodrov Mark Pysyk
Goaltenders
Starting : Maxime Ouellet
Backup : Chet Pickard
Extra Forwards
Normal : Evander Kane, Brayden Schenn, Reilly Smith - PP : Brayden Schenn, Evander Kane - PK : Daniel Winnik
Extra Defensemen
Normal : Cameron Gaunce, Mark Pysyk, Derek Joslin - PP : Cameron Gaunce - PK : Mark Pysyk, Derek Joslin
Penalty Shots
Brayden Schenn, Denis Shvidki, Reilly Smith, Ben Eager, Evander Kane
Little Stars
5 vs 5 Forward
Center Left Wing Right Wing Time % Phy DF OF
1 Marcus Kruger Sean Avery Hugh Jessiman 40 1 2 2
2 Cody Bass Marcus Johansson Alex Chiasson 30 1 2 2
3 Erik Haula Jesse Joensuu Tom Kuhnhackl 20 1 2 2
4 Dana Tyrell Robert Klinkhammer Sean Avery 10 1 2 2
5 vs 5 Defense
Defense Defense Time % Phy DF OF
1 Raphael Diaz Jared Spurgeon 40 1 2 2
2 Justin Faulk Petter Granberg 30 1 2 2
3 Conor Allen Raphael Diaz 20 1 2 2
4 Jared Spurgeon Justin Faulk 10 1 2 2
PowerPlay Forward
Center Left Wing Right Wing Time % Phy DF OF
1 Marcus Kruger Sean Avery Hugh Jessiman 60 1 2 2
2 Cody Bass Marcus Johansson Alex Chiasson 40 1 2 2
PowerPlay Defense
Defense Defense Time % Phy DF OF
1 Raphael Diaz Jared Spurgeon 60 1 2 2
2 Justin Faulk Petter Granberg 40 1 2 2
Penalty Kill 4 Players Forward
Center Wing Time % Phy DF OF
1 Sean Avery Marcus Kruger 60 1 2 2
2 Hugh Jessiman Alex Chiasson 40 1 2 2
Penalty Kill 4 Players Defense
Defense Defense Time % Phy DF OF
1 Raphael Diaz Jared Spurgeon 60 1 2 2
2 Justin Faulk Petter Granberg 40 1 2 2
Penalty Kill - 3 Players Forward
Forward Time % Phy DF OF
1 Sean Avery 60 1 2 2
2 Marcus Kruger 40 1 2 2
Penalty Kill - 3 Players Defense
Defense Defense Time % Phy DF OF
1 Raphael Diaz Jared Spurgeon 60 1 2 2
2 Justin Faulk Petter Granberg 40 1 2 2
4 vs 4 Forward
Center Wing Time % Phy DF OF
1 Sean Avery Marcus Kruger 60 1 2 2
2 Hugh Jessiman Alex Chiasson 40 1 2 2
4 vs 4 Defense
Defense Defense Time % Phy DF OF
1 Raphael Diaz Jared Spurgeon 60 1 2 2
2 Justin Faulk Petter Granberg 40 1 2 2
Last Minutes Offensive
Center Left Wing Right Wing Defense Defense
Marcus Kruger Sean Avery Hugh Jessiman Raphael Diaz Jared Spurgeon
Last Minutes Defensive
Center Left Wing Right Wing Defense Defense
Marcus Kruger Sean Avery Hugh Jessiman Raphael Diaz Jared Spurgeon
Goaltenders
Starting : Erik Ersberg
Backup : Peter Budaj
Extra Forwards
Normal : Alexander Vasyunov, Jamie McGinn, Landon Ferraro - PP : Alexander Vasyunov, Jamie McGinn - PK : Landon Ferraro
Extra Defensemen
Normal : Conor Allen, Petter Granberg, Raphael Diaz - PP : Conor Allen - PK : Petter Granberg, Raphael Diaz
Penalty Shots
Sean Avery, Marcus Kruger, Hugh Jessiman, Alex Chiasson, Marcus Johansson
% Time on Ice - Mustangs
Lines # - Real PCT - Wanted PCT - Time Play
Normal Forward
1 - 31% - 40% - 14:10
2 - 29% - 30% - 13:12
3 - 23% - 20% - 10:15
4 - 17% - 10% - 7:42
Normal Defense
1 - 41% - 40% - 18:28
2 - 29% - 30% - 12:58
3 - 27% - 20% - 12:16
4 - 4% - 10% - 1:37
PP Forward
1 - 56% - 60% - 6:37
2 - 44% - 40% - 5:17
PP Defense
1 - 53% - 60% - 6:19
2 - 47% - 40% - 5:35
PK Forward
1 - 70% - 60% - 1:23
2 - 30% - 40% - 0:36
PK Defense
1 - 55% - 60% - 1:06
2 - 45% - 40% - 0:53
PK3 Forward
1 - 0% - 60%
2 - 0% - 40%
PK3 Defense
1 - 0% - 60%
2 - 0% - 40%
44 Forward
1 - 82% - 60% - 4:07
2 - 18% - 40% - 0:53
44 Defense
1 - 63% - 60% - 3:10
2 - 37% - 40% - 1:50
Last Minute Offensive - 0:48
Last Minute Defensive - 0:00
Total
Forward - 65:00
Defense - 65:00
|
% Time on Ice - Little Stars
Lines # - Real PCT - Wanted PCT - Time Play
Normal Forward
1 - 29% - 40% - 13:05
2 - 33% - 30% - 14:49
3 - 27% - 20% - 12:23
4 - 12% - 10% - 5:15
Normal Defense
1 - 35% - 40% - 15:54
2 - 38% - 30% - 17:21
3 - 19% - 20% - 8:38
4 - 8% - 10% - 3:39
PP Forward
1 - 55% - 60% - 1:05
2 - 45% - 40% - 0:54
PP Defense
1 - 66% - 60% - 1:19
2 - 34% - 40% - 0:40
PK Forward
1 - 69% - 60% - 8:14
2 - 31% - 40% - 3:40
PK Defense
1 - 59% - 60% - 7:02
2 - 41% - 40% - 4:52
PK3 Forward
1 - 0% - 60%
2 - 0% - 40%
PK3 Defense
1 - 0% - 60%
2 - 0% - 40%
44 Forward
1 - 75% - 60% - 3:46
2 - 25% - 40% - 1:14
44 Defense
1 - 65% - 60% - 3:15
2 - 35% - 40% - 1:45
Last Minute Offensive - 0:00
Last Minute Defensive - 0:35
Total
Forward - 65:00
Defense - 65:00
|
Play by Play
1st period
0:01 of 1st period - Marcus Kruger wins face-off versus Brayden Schenn in neutral zone.
0:12 of 1st period - Raphael Diaz is hit by Eric Gryba and loses puck.
0:25 of 1st period - Eric Gryba is hit by Raphael Diaz and loses puck.
1:06 of 1st period - Sean Avery is hit by Daniel Winnik and loses puck.
1:45 of 1st period - Wrist shot by Ben Eager.
1:45 of 1st period - Deflect By Reilly Smith.
1:45 of 1st period - Stopped by Erik Ersberg with a rebound.
2:03 of 1st period - Jesse Joensuu is hit by Marcus Foligno and loses puck.
2:08 of 1st period - Wrist shot by Marcus Foligno.
2:08 of 1st period - Shot Misses the Net.
3:26 of 1st period - Slapshot by Alex Chiasson.
3:26 of 1st period - Shot Misses the Net.
3:28 of 1st period - Wrist shot by Marcus Johansson.
3:28 of 1st period - Shot Blocked by Derek Joslin.
3:30 of 1st period - Wrist shot by Alex Chiasson.
3:30 of 1st period - Goal by Alex Chiasson - Mustangs : 0 - Little Stars : 1.
3:31 of 1st period - Cody Bass wins face-off versus Brayden Schenn in neutral zone.
3:43 of 1st period - Wrist shot by Evander Kane.
3:43 of 1st period - Deflect By Denis Shvidki.
3:43 of 1st period - Stopped by Erik Ersberg with a rebound.
5:04 of 1st period - Wrist shot by Evander Kane.
5:04 of 1st period - Stopped by Erik Ersberg without a rebound.
5:05 of 1st period - Riley Armstrong wins face-off versus Robert Klinkhammer in Little Stars zone.
5:06 of 1st period - Snap shot by Ben Eager.
5:06 of 1st period - Stopped by Erik Ersberg with a rebound.
5:08 of 1st period - Wrist shot by Riley Armstrong.
5:08 of 1st period - Shot Blocked by Jared Spurgeon.
5:10 of 1st period - Snap shot by Eric Gryba.
5:10 of 1st period - Stopped by Erik Ersberg without a rebound.
5:11 of 1st period - Riley Armstrong wins face-off versus Dana Tyrell in Little Stars zone.
5:12 of 1st period - Slapshot by Ben Eager.
5:12 of 1st period - Stopped by Erik Ersberg with a rebound.
5:22 of 1st period - Slapshot by Robert Klinkhammer.
5:22 of 1st period - Stopped by Maxime Ouellet without a rebound.
5:23 of 1st period - Denis Shvidki wins face-off versus Marcus Kruger in Mustangs zone.
5:30 of 1st period - Raphael Diaz is hit by Evander Kane and loses puck.
5:49 of 1st period - Denis Bodrov is hit by Alex Chiasson and loses puck.
5:58 of 1st period - Snap shot by Cody Bass.
5:58 of 1st period - Stopped by Maxime Ouellet without a rebound.
5:59 of 1st period - Brayden Schenn wins face-off versus Erik Haula in Mustangs zone.
6:06 of 1st period - Slapshot by Denis Shvidki.
6:06 of 1st period - Stopped by Erik Ersberg without a rebound.
6:07 of 1st period - Denis Shvidki wins face-off versus Erik Haula in Little Stars zone.
7:14 of 1st period - Slapshot by Jesse Joensuu.
7:14 of 1st period - Shot Misses the Net.
7:16 of 1st period - Slapshot by Jared Spurgeon.
7:16 of 1st period - Shot Misses the Net.
7:18 of 1st period - Slapshot by Jared Spurgeon.
7:18 of 1st period - Stopped by Maxime Ouellet without a rebound.
7:19 of 1st period - Marcus Kruger wins face-off versus Riley Armstrong in Mustangs zone.
8:05 of 1st period - Snap shot by Marcus Foligno.
8:05 of 1st period - Shot Misses the Net.
8:11 of 1st period - Sean Avery is hit by Jim O'Brien.
8:14 of 1st period - Off-side.
8:15 of 1st period - Marcus Kruger wins face-off versus Riley Armstrong in neutral zone.
8:18 of 1st period - Wrist shot by Sean Avery.
8:18 of 1st period - Stopped by Maxime Ouellet with a rebound.
9:02 of 1st period - Icing by Raphael Diaz.
9:03 of 1st period - Jim O'Brien wins face-off versus Cody Bass in Little Stars zone.
9:04 of 1st period - Slapshot by Marcus Foligno.
9:04 of 1st period - Shot Misses the Net.
9:19 of 1st period - Minor Penalty to Cameron Gaunce for Hooking.
9:20 of 1st period - Brayden Schenn wins face-off versus Marcus Kruger in Mustangs zone.
10:01 of 1st period - Wrist shot by Cody Bass.
10:01 of 1st period - Shot Misses the Net.
10:03 of 1st period - Wrist shot by Marcus Johansson.
10:03 of 1st period - Stopped by Maxime Ouellet without a rebound.
10:04 of 1st period - Marcus Kruger wins face-off versus Brayden Schenn in Mustangs zone.
10:13 of 1st period - Snap shot by Sean Avery.
10:13 of 1st period - Shot Blocked by Derek Joslin.
10:34 of 1st period - Snap shot by Denis Shvidki.
10:34 of 1st period - Stopped by Erik Ersberg with a rebound.
10:50 of 1st period - Evander Kane is hit by Sean Avery and loses puck.
11:19 of 1st period - Penalty to Cameron Gaunce is over, Cameron Gaunce is back on ice.
11:22 of 1st period - Icing by Sean Avery.
11:23 of 1st period - Jim O'Brien wins face-off versus Marcus Kruger in Little Stars zone.
11:56 of 1st period - Snap shot by Alex Chiasson.
11:56 of 1st period - Stopped by Maxime Ouellet without a rebound.
11:57 of 1st period - Rick Schofield wins face-off versus Cody Bass in Mustangs zone.
12:02 of 1st period - Slapshot by Daniel Winnik.
12:02 of 1st period - Shot Misses the Net.
12:06 of 1st period - Wrist shot by Daniel Winnik.
12:06 of 1st period - Shot Blocked by Alex Chiasson.
12:08 of 1st period - Slapshot by Rick Schofield.
12:08 of 1st period - Shot Misses the Net.
12:10 of 1st period - Snap shot by Derek Joslin.
12:10 of 1st period - Stopped by Erik Ersberg without a rebound.
12:11 of 1st period - Brayden Schenn wins face-off versus Marcus Kruger in Little Stars zone.
12:18 of 1st period - Snap shot by Evander Kane.
12:18 of 1st period - Stopped by Erik Ersberg without a rebound.
12:19 of 1st period - Brayden Schenn wins face-off versus Marcus Kruger in Little Stars zone.
12:49 of 1st period - Eric Gryba is hit by Raphael Diaz and loses puck.
13:01 of 1st period - Icing by Jared Spurgeon.
13:02 of 1st period - Rick Schofield wins face-off versus Cody Bass in Little Stars zone.
13:03 of 1st period - Wrist shot by Eric Godard.
13:03 of 1st period - Shot Misses the Net.
13:05 of 1st period - Slapshot by Denis Bodrov.
13:05 of 1st period - Stopped by Erik Ersberg with a rebound.
13:07 of 1st period - Snap shot by Denis Shvidki.
13:07 of 1st period - Deflect By Evander Kane.
13:07 of 1st period - Stopped by Erik Ersberg with a rebound.
13:09 of 1st period - Slapshot by Denis Bodrov.
13:09 of 1st period - Shot Blocked by Raphael Diaz.
13:11 of 1st period - Slapshot by Cameron Gaunce.
13:11 of 1st period - Shot Misses the Net.
13:15 of 1st period - Snap shot by Evander Kane.
13:15 of 1st period - Shot Blocked by Marcus Johansson.
13:17 of 1st period - Wrist shot by Brayden Schenn.
13:17 of 1st period - Stopped by Erik Ersberg with a rebound.
13:23 of 1st period - Minor Penalty to Cody Bass for Tripping.
13:24 of 1st period - Denis Shvidki wins face-off versus Sean Avery in Little Stars zone.
14:44 of 1st period - Icing by Derek Joslin.
14:45 of 1st period - Brayden Schenn wins face-off versus Landon Ferraro in Mustangs zone.
14:45 of 1st period - Brayden Schenn is hit by Marcus Johansson.
15:03 of 1st period - Jared Spurgeon is hit by Reilly Smith and loses puck.
15:23 of 1st period - Penalty to Cody Bass is over, Cody Bass is back on ice.
16:01 of 1st period - Cameron Gaunce is hit by Cody Bass and loses puck.
16:16 of 1st period - Ben Eager is hit by Dana Tyrell and loses puck.
16:22 of 1st period - Off-side.
16:23 of 1st period - Brayden Schenn wins face-off versus Erik Haula in neutral zone.
16:28 of 1st period - Wrist shot by Denis Shvidki.
16:28 of 1st period - Stopped by Erik Ersberg with a rebound.
16:47 of 1st period - Off-side.
16:48 of 1st period - Marcus Kruger wins face-off versus Riley Armstrong in neutral zone.
16:59 of 1st period - Snap shot by Marcus Kruger.
16:59 of 1st period - Stopped by Maxime Ouellet with a rebound.
17:01 of 1st period - Wrist shot by Sean Avery.
17:01 of 1st period - Shot Misses the Net.
17:13 of 1st period - Alex Chiasson is hit by Joe Finley and loses puck.
17:22 of 1st period - Wrist shot by Daniel Winnik.
17:22 of 1st period - Stopped by Erik Ersberg with a rebound.
18:07 of 1st period - Sean Avery is hit by Marcus Foligno and loses puck.
18:51 of 1st period - Cameron Gaunce is hit by Erik Haula and loses puck.
19:24 of 1st period - Marcus Foligno is hit by Marcus Johansson and loses puck.
19:31 of 1st period - Wrist shot by Marcus Johansson.
19:31 of 1st period - Stopped by Maxime Ouellet with a rebound.
19:33 of 1st period - Snap shot by Marcus Johansson.
19:33 of 1st period - Deflect By Cody Bass.
19:33 of 1st period - Goal by Cody Bass - Mustangs : 0 - Little Stars : 2.
19:34 of 1st period - Cody Bass wins face-off versus Brayden Schenn in neutral zone.
19:56 of 1st period - Minor Penalty to Marcus Johansson for High sticking.
19:57 of 1st period - Brayden Schenn wins face-off versus Sean Avery in Little Stars zone.
Goals for this period are 0 for Mustangs vs 2 for Little Stars.
Shots for this period are 15 for Mustangs vs 10 for Little Stars.
2nd period
0:01 of 2nd period - Denis Shvidki wins face-off versus Sean Avery in neutral zone.
1:32 of 2nd period - Derek Joslin is hit by Raphael Diaz and loses puck.
1:56 of 2nd period - Penalty to Marcus Johansson is over, Marcus Johansson is back on ice.
2:09 of 2nd period - Erik Haula is hit by Marcus Foligno.
2:24 of 2nd period - Rick Schofield is hit by Alex Chiasson and loses puck.
2:29 of 2nd period - Slapshot by Marcus Johansson.
2:29 of 2nd period - Stopped by Maxime Ouellet with a rebound.
2:48 of 2nd period - Slapshot by Derek Joslin.
2:48 of 2nd period - Stopped by Erik Ersberg with a rebound.
2:50 of 2nd period - Slapshot by Derek Joslin.
2:50 of 2nd period - Stopped by Erik Ersberg with a rebound.
2:59 of 2nd period - Icing by Dana Tyrell.
3:00 of 2nd period - Brayden Schenn wins face-off versus Dana Tyrell in Little Stars zone.
3:07 of 2nd period - Snap shot by Denis Shvidki.
3:07 of 2nd period - Stopped by Erik Ersberg without a rebound.
3:08 of 2nd period - Cody Bass wins face-off versus Brayden Schenn in Little Stars zone.
3:15 of 2nd period - Alex Chiasson is hit by Brayden Schenn.
3:20 of 2nd period - Off-side.
3:21 of 2nd period - Riley Armstrong wins face-off versus Marcus Kruger in neutral zone.
3:24 of 2nd period - Sean Avery is hit by Riley Armstrong and loses puck.
3:37 of 2nd period - Slapshot by Derek Joslin.
3:37 of 2nd period - Stopped by Erik Ersberg with a rebound.
3:53 of 2nd period - Snap shot by Cody Bass.
3:53 of 2nd period - Shot Misses the Net.
4:33 of 2nd period - Snap shot by Riley Armstrong.
4:33 of 2nd period - Stopped by Erik Ersberg with a rebound.
4:48 of 2nd period - Minor Penalty to Justin Faulk for Roughing.
4:49 of 2nd period - Sean Avery wins face-off versus Brayden Schenn in Little Stars zone.
4:57 of 2nd period - Snap shot by Raphael Diaz.
4:57 of 2nd period - Stopped by Maxime Ouellet without a rebound.
4:58 of 2nd period - Brayden Schenn wins face-off versus Sean Avery in Mustangs zone.
5:16 of 2nd period - Off-side.
5:17 of 2nd period - Riley Armstrong wins face-off versus Sean Avery in neutral zone.
5:47 of 2nd period - Icing by Eric Gryba.
5:48 of 2nd period - Sean Avery wins face-off versus Brayden Schenn in Mustangs zone.
5:51 of 2nd period - Snap shot by Sean Avery.
5:51 of 2nd period - Shot Misses the Net.
5:57 of 2nd period - Petter Granberg is hit by Brayden Schenn and loses puck.
6:48 of 2nd period - Penalty to Justin Faulk is over, Justin Faulk is back on ice.
6:49 of 2nd period - Slapshot by Derek Joslin.
6:49 of 2nd period - Stopped by Erik Ersberg with a rebound.
6:51 of 2nd period - Wrist shot by Denis Shvidki.
6:51 of 2nd period - Goal by Denis Shvidki - Mustangs : 1 - Little Stars : 2.
6:52 of 2nd period - Riley Armstrong wins face-off versus Cody Bass in neutral zone.
7:26 of 2nd period - Wrist shot by Daniel Winnik.
7:26 of 2nd period - Shot Blocked by Hugh Jessiman.
7:46 of 2nd period - Icing by Justin Faulk.
7:47 of 2nd period - Erik Haula wins face-off versus Brayden Schenn in Little Stars zone.
8:08 of 2nd period - Derek Joslin is hit by Justin Faulk and loses puck.
8:13 of 2nd period - Snap shot by Jesse Joensuu.
8:13 of 2nd period - Shot Blocked by Eric Gryba.
8:15 of 2nd period - Slapshot by Justin Faulk.
8:15 of 2nd period - Stopped by Maxime Ouellet with a rebound.
8:17 of 2nd period - Slapshot by Petter Granberg.
8:17 of 2nd period - Shot Blocked by Eric Gryba.
8:27 of 2nd period - Snap shot by Jesse Joensuu.
8:27 of 2nd period - Shot Blocked by Derek Joslin.
8:29 of 2nd period - Snap shot by Jesse Joensuu.
8:29 of 2nd period - Shot Misses the Net.
8:31 of 2nd period - Slapshot by Petter Granberg.
8:31 of 2nd period - Stopped by Maxime Ouellet with a rebound.
8:43 of 2nd period - Snap shot by Jesse Joensuu.
8:43 of 2nd period - Shot Misses the Net.
8:45 of 2nd period - Slapshot by Petter Granberg.
8:45 of 2nd period - Deflect By Denis Shvidki.
8:45 of 2nd period - Stopped by Maxime Ouellet with a rebound.
9:27 of 2nd period - Slapshot by Justin Faulk.
9:27 of 2nd period - Shot Blocked by Derek Joslin.
9:29 of 2nd period - Slapshot by Justin Faulk.
9:29 of 2nd period - Deflect By Evander Kane.
9:29 of 2nd period - Stopped by Maxime Ouellet without a rebound.
9:30 of 2nd period - Marcus Kruger wins face-off versus Riley Armstrong in Mustangs zone.
10:22 of 2nd period - Wrist shot by Raphael Diaz.
10:22 of 2nd period - Stopped by Maxime Ouellet with a rebound.
10:24 of 2nd period - Slapshot by Sean Avery.
10:24 of 2nd period - Shot Misses the Net.
10:26 of 2nd period - Slapshot by Jared Spurgeon.
10:26 of 2nd period - Shot Misses the Net.
10:54 of 2nd period - Jim O'Brien is hit by Landon Ferraro.
11:11 of 2nd period - Robert Klinkhammer is hit by Cameron Gaunce and loses puck.
11:33 of 2nd period - Joe Finley is hit by Sean Avery and loses puck.
14:32 of 2nd period - Minor Penalty to Conor Allen for Boarding.
14:33 of 2nd period - Sean Avery wins face-off versus Brayden Schenn in Little Stars zone.
14:38 of 2nd period - Wrist shot by Sean Avery.
14:38 of 2nd period - Stopped by Maxime Ouellet with a rebound.
14:58 of 2nd period - Hugh Jessiman is hit by Riley Armstrong and loses puck.
15:08 of 2nd period - Icing by Riley Armstrong.
15:09 of 2nd period - Sean Avery wins face-off versus Riley Armstrong in Mustangs zone.
16:32 of 2nd period - Penalty to Conor Allen is over, Conor Allen is back on ice.
16:58 of 2nd period - Cameron Gaunce is hit by Jesse Joensuu and loses puck.
17:05 of 2nd period - Jim O'Brien is hit by Petter Granberg and loses puck.
17:33 of 2nd period - Snap shot by Robert Klinkhammer.
17:33 of 2nd period - Deflect By Eric Godard.
17:33 of 2nd period - Stopped by Maxime Ouellet without a rebound.
17:34 of 2nd period - Cody Bass wins face-off versus Rick Schofield in Mustangs zone.
17:41 of 2nd period - Snap shot by Marcus Johansson.
17:41 of 2nd period - Goal by Marcus Johansson - Mustangs : 1 - Little Stars : 3.
17:42 of 2nd period - Marcus Kruger wins face-off versus Brayden Schenn in neutral zone.
18:09 of 2nd period - Eric Gryba is hit by Marcus Johansson and loses puck.
18:18 of 2nd period - Wrist shot by Cody Bass.
18:18 of 2nd period - Shot Misses the Net.
18:42 of 2nd period - Denis Bodrov is hit by Erik Haula.
18:54 of 2nd period - Snap shot by Sean Avery.
18:54 of 2nd period - Shot Misses the Net.
18:56 of 2nd period - Snap shot by Robert Klinkhammer.
18:56 of 2nd period - Stopped by Maxime Ouellet with a rebound.
18:58 of 2nd period - Snap shot by Sean Avery.
18:58 of 2nd period - Stopped by Maxime Ouellet with a rebound.
19:00 of 2nd period - Wrist shot by Justin Faulk.
19:00 of 2nd period - Deflect By Marcus Foligno.
19:00 of 2nd period - Stopped by Maxime Ouellet without a rebound.
19:01 of 2nd period - Cody Bass wins face-off versus Brayden Schenn in Mustangs zone.
19:02 of 2nd period - Slapshot by Raphael Diaz.
19:02 of 2nd period - Deflect By Evander Kane.
19:02 of 2nd period - Stopped by Maxime Ouellet without a rebound.
19:03 of 2nd period - Evander Kane wins face-off versus Cody Bass in Mustangs zone.
19:03 of 2nd period - Brayden Schenn is hit by Jared Spurgeon and loses puck.
19:12 of 2nd period - Snap shot by Marcus Johansson.
19:12 of 2nd period - Deflect By Alex Chiasson.
19:12 of 2nd period - Stopped by Maxime Ouellet with a rebound.
19:18 of 2nd period - Snap shot by Denis Shvidki.
19:18 of 2nd period - Stopped by Erik Ersberg without a rebound.
19:19 of 2nd period - Marcus Kruger wins face-off versus Reilly Smith in Little Stars zone.
19:32 of 2nd period - Slapshot by Hugh Jessiman.
19:32 of 2nd period - Deflect By Sean Avery.
19:32 of 2nd period - Shot Misses the Net.
19:32 of 2nd period - Puck is out of play.
19:33 of 2nd period - Marcus Kruger wins face-off versus Denis Shvidki in Mustangs zone.
19:42 of 2nd period - Eric Gryba is hit by Jared Spurgeon.
Goals for this period are 1 for Mustangs vs 1 for Little Stars.
Shots for this period are 8 for Mustangs vs 15 for Little Stars.
3rd period
0:01 of 3rd period - Marcus Kruger wins face-off versus Brayden Schenn in neutral zone.
0:04 of 3rd period - Wrist shot by Raphael Diaz.
0:04 of 3rd period - Stopped by Maxime Ouellet without a rebound.
0:05 of 3rd period - Marcus Kruger wins face-off versus Brayden Schenn in Mustangs zone.
0:12 of 3rd period - Slapshot by Marcus Kruger.
0:12 of 3rd period - Stopped by Maxime Ouellet with a rebound.
0:14 of 3rd period - Snap shot by Sean Avery.
0:14 of 3rd period - Stopped by Maxime Ouellet with a rebound.
0:50 of 3rd period - Erik Haula is hit by Rick Schofield.
1:10 of 3rd period - Denis Bodrov is hit by Petter Granberg and loses puck.
2:00 of 3rd period - Slapshot by Riley Armstrong.
2:00 of 3rd period - Shot Blocked by Erik Haula.
2:45 of 3rd period - Brayden Schenn is hit by Hugh Jessiman and loses puck.
2:52 of 3rd period - Raphael Diaz is hit by Brayden Schenn.
3:31 of 3rd period - Rick Schofield is hit by Alex Chiasson and loses puck.
3:41 of 3rd period - Icing by Derek Joslin.
3:42 of 3rd period - Hugh Jessiman wins face-off versus Rick Schofield in Mustangs zone.
3:47 of 3rd period - Denis Shvidki is hit by Hugh Jessiman and loses puck.
5:01 of 3rd period - Wrist shot by Marcus Foligno.
5:01 of 3rd period - Shot Blocked by Alex Chiasson.
5:03 of 3rd period - Snap shot by Jerome Samson.
5:03 of 3rd period - Stopped by Erik Ersberg with a rebound.
5:05 of 3rd period - Snap shot by Jim O'Brien.
5:05 of 3rd period - Deflect By Marcus Foligno.
5:05 of 3rd period - Stopped by Erik Ersberg with a rebound.
5:07 of 3rd period - Slapshot by Mark Pysyk.
5:07 of 3rd period - Stopped by Erik Ersberg with a rebound.
5:19 of 3rd period - Slapshot by Justin Faulk.
5:19 of 3rd period - Stopped by Maxime Ouellet with a rebound.
5:21 of 3rd period - Slapshot by Justin Faulk.
5:21 of 3rd period - Shot Blocked by Cameron Gaunce.
5:23 of 3rd period - Snap shot by Tom Kuhnhackl.
5:23 of 3rd period - Stopped by Maxime Ouellet without a rebound.
5:24 of 3rd period - Denis Shvidki wins face-off versus Jesse Joensuu in Mustangs zone.
5:51 of 3rd period - Wrist shot by Ben Eager.
5:51 of 3rd period - Stopped by Erik Ersberg without a rebound.
5:52 of 3rd period - Marcus Kruger wins face-off versus Ben Eager in Little Stars zone.
6:19 of 3rd period - Slapshot by Eric Godard.
6:19 of 3rd period - Goal by Eric Godard - Mustangs : 2 - Little Stars : 3.
6:20 of 3rd period - Marcus Kruger wins face-off versus Brayden Schenn in neutral zone.
7:12 of 3rd period - Snap shot by Sean Avery.
7:12 of 3rd period - Shot Misses the Net.
7:14 of 3rd period - Slapshot by Justin Faulk.
7:14 of 3rd period - Stopped by Maxime Ouellet with a rebound.
7:59 of 3rd period - Derek Joslin is hit by Marcus Johansson and loses puck.
9:10 of 3rd period - Wrist shot by Riley Armstrong.
9:10 of 3rd period - Stopped by Erik Ersberg without a rebound.
9:11 of 3rd period - Erik Haula wins face-off versus Riley Armstrong in Little Stars zone.
9:13 of 3rd period - Minor Penalty to Tom Kuhnhackl for Roughing.
9:14 of 3rd period - Sean Avery wins face-off versus Denis Shvidki in Little Stars zone.
9:30 of 3rd period - Slapshot by Derek Joslin.
9:30 of 3rd period - Shot Blocked by Petter Granberg.
9:47 of 3rd period - Snap shot by Eric Gryba.
9:47 of 3rd period - Deflect By Riley Armstrong.
9:47 of 3rd period - Shot Blocked by Hugh Jessiman.
9:47 of 3rd period - Puck is out of play.
9:48 of 3rd period - Hugh Jessiman wins face-off versus Brayden Schenn in Little Stars zone.
9:59 of 3rd period - Slapshot by Raphael Diaz.
9:59 of 3rd period - Shot Blocked by Brayden Schenn.
11:08 of 3rd period - Snap shot by Riley Armstrong.
11:08 of 3rd period - Shot Misses the Net.
11:10 of 3rd period - Slapshot by Cameron Gaunce.
11:10 of 3rd period - Deflect By Raphael Diaz.
11:10 of 3rd period - Stopped by Erik Ersberg with a rebound.
11:12 of 3rd period - Snap shot by Riley Armstrong.
11:12 of 3rd period - Goal by Riley Armstrong - Mustangs : 3 - Little Stars : 3.
11:13 of 3rd period - Dana Tyrell wins face-off versus Brayden Schenn in neutral zone.
11:46 of 3rd period - Off-side.
11:47 of 3rd period - Denis Shvidki wins face-off versus Marcus Kruger in neutral zone.
11:50 of 3rd period - Slapshot by Joe Finley.
11:50 of 3rd period - Deflect By Brayden Schenn.
11:50 of 3rd period - Shot Misses the Net.
11:50 of 3rd period - Puck is out of play.
11:51 of 3rd period - Marcus Kruger wins face-off versus Brayden Schenn in Little Stars zone.
12:16 of 3rd period - Alex Chiasson is hit by Riley Armstrong.
13:17 of 3rd period - Slapshot by Brayden Schenn.
13:17 of 3rd period - Shot Blocked by Justin Faulk.
13:31 of 3rd period - Wrist shot by Ben Eager.
13:31 of 3rd period - Stopped by Erik Ersberg with a rebound.
13:51 of 3rd period - Wrist shot by Jesse Joensuu.
13:51 of 3rd period - Stopped by Maxime Ouellet with a rebound.
13:53 of 3rd period - Wrist shot by Tom Kuhnhackl.
13:53 of 3rd period - Shot Blocked by Eric Godard.
13:55 of 3rd period - Snap shot by Erik Haula.
13:55 of 3rd period - Stopped by Maxime Ouellet with a rebound.
14:15 of 3rd period - Slapshot by Alex Chiasson.
14:15 of 3rd period - Goal by Alex Chiasson - Mustangs : 3 - Little Stars : 4.
14:16 of 3rd period - Marcus Kruger wins face-off versus Brayden Schenn in neutral zone.
14:19 of 3rd period - Denis Shvidki is hit by Marcus Kruger and loses puck.
14:23 of 3rd period - Brayden Schenn is hit by Hugh Jessiman and loses puck.
14:32 of 3rd period - Wrist shot by Brayden Schenn.
14:32 of 3rd period - Stopped by Erik Ersberg with a rebound.
14:38 of 3rd period - Minor Penalty to Marcus Kruger for High sticking.
14:39 of 3rd period - Sean Avery wins face-off versus Brayden Schenn in Little Stars zone.
14:50 of 3rd period - Evander Kane is hit by Sean Avery and loses puck.
14:57 of 3rd period - Sean Avery is hit by Derek Joslin and loses puck.
15:08 of 3rd period - Sean Avery is hit by Ben Eager and loses puck.
16:38 of 3rd period - Penalty to Marcus Kruger is over, Marcus Kruger is back on ice.
16:51 of 3rd period - Rick Schofield is hit by Conor Allen and loses puck.
16:58 of 3rd period - Wrist shot by Eric Godard.
16:58 of 3rd period - Shot Misses the Net.
17:24 of 3rd period - Joe Finley is hit by Alex Chiasson and loses puck.
17:39 of 3rd period - Raphael Diaz is hit by Denis Shvidki and loses puck.
18:00 of 3rd period - Eric Gryba is hit by Petter Granberg and loses puck.
18:21 of 3rd period - Snap shot by Jerome Samson.
18:21 of 3rd period - Shot Misses the Net.
18:23 of 3rd period - Slapshot by Cameron Gaunce.
18:23 of 3rd period - Shot Blocked by Petter Granberg.
19:03 of 3rd period - Mustangs, Maxime Ouellet is pulled from the net.
19:17 of 3rd period - Snap shot by Denis Shvidki.
19:17 of 3rd period - Shot Misses the Net.
19:19 of 3rd period - Slapshot by Daniel Winnik.
19:19 of 3rd period - Shot Hit the Post.
19:29 of 3rd period - Slapshot by Denis Shvidki.
19:29 of 3rd period - Shot Hit the Post.
19:31 of 3rd period - Wrist shot by Derek Joslin.
19:31 of 3rd period - Stopped by Erik Ersberg with a rebound.
19:33 of 3rd period - Wrist shot by Daniel Winnik.
19:33 of 3rd period - Goal by Daniel Winnik - Mustangs : 4 - Little Stars : 4.
19:33 of 3rd period - Maxime Ouellet from Mustangs was sent back in the game.
19:34 of 3rd period - Reilly Smith wins face-off versus Marcus Kruger in neutral zone.
Goals for this period are 3 for Mustangs vs 1 for Little Stars.
Shots for this period are 12 for Mustangs vs 9 for Little Stars.
Overtime #1
0:01 of 1st overtime period - Sean Avery wins face-off versus Brayden Schenn in neutral zone.
0:03 of 1st overtime period - Off-side.
0:04 of 1st overtime period - Sean Avery wins face-off versus Brayden Schenn in neutral zone.
0:41 of 1st overtime period - Snap shot by Raphael Diaz.
0:41 of 1st overtime period - Shot Blocked by Denis Bodrov.
0:53 of 1st overtime period - Snap shot by Ben Eager.
0:53 of 1st overtime period - Stopped by Erik Ersberg with a rebound.
1:03 of 1st overtime period - Brayden Schenn is hit by Raphael Diaz and loses puck.
1:41 of 1st overtime period - Icing by Hugh Jessiman.
1:42 of 1st overtime period - Reilly Smith wins face-off versus Hugh Jessiman in Little Stars zone.
2:09 of 1st overtime period - Riley Armstrong is hit by Marcus Kruger and loses puck.
2:18 of 1st overtime period - Marcus Kruger is hit by Cameron Gaunce and loses puck.
3:23 of 1st overtime period - Hugh Jessiman is hit by Eric Gryba and loses puck.
4:23 of 1st overtime period - Wrist shot by Alex Chiasson.
4:23 of 1st overtime period - Shot Misses the Net.
4:39 of 1st overtime period - Reilly Smith is hit by Jared Spurgeon and loses puck.
Goals for this period are 0 for Mustangs vs 0 for Little Stars.
Shots for this period are 1 for Mustangs vs 0 for Little Stars.
ShootOut
5:00 of 1st overtime period - Penalty Shot by Brayden Schenn for Mustangs.
5:00 of 1st overtime period - Deke by Brayden Schenn.
5:00 of 1st overtime period - Stopped by Erik Ersberg.
5:00 of 1st overtime period - Penalty Shot by Sean Avery for Little Stars.
5:00 of 1st overtime period - Deke by Sean Avery.
5:00 of 1st overtime period - Goal by Sean Avery.
5:00 of 1st overtime period - Penalty Shot by Denis Shvidki for Mustangs.
5:00 of 1st overtime period - Deke by Denis Shvidki.
5:00 of 1st overtime period - Stopped by Erik Ersberg.
5:00 of 1st overtime period - Penalty Shot by Marcus Kruger for Little Stars.
5:00 of 1st overtime period - Deke by Marcus Kruger.
5:00 of 1st overtime period - Stopped by Maxime Ouellet.
5:00 of 1st overtime period - Penalty Shot by Reilly Smith for Mustangs.
5:00 of 1st overtime period - Snap shot by Reilly Smith.
5:00 of 1st overtime period - Stopped by Erik Ersberg.
Back to the Top